 Dungeon Crawl Stone Soup version 0.27.1 (webtiles) character file.

Game seed: 7167896697832959229

310 Atelerd the Stinger (level 6, -6/36 HPs)
             Began as an Octopode Venom Mage on Sept 3, 2021.
             Was an Initiate of Sif Muna.
             Mangled by a phantom (7 damage)
             ... on level 5 of the Dungeon.
             The game lasted 00:05:36 (6170 turns).

Atelerd the Stinger (Octopode Venom Mage)           Turns: 6170, Time: 00:05:36

Health: -6/36      AC:  1    Str:  4 (7)  XL:     6   Next: 41%
Magic:  0/11       EV: 13    Int: 16 (19) God:    Sif Muna [......]
Gold:   167        SH:  0    Dex: 10 (13) Spells: 4/12 levels left

rFire    . . .     SeeInvis .   d - +0 dagger (speed)
rCold    . . .     Faith    .   (no shield)
rNeg     . . .     Spirit   .   (helmet restricted)
rPois    .         Reflect  .   (no amulet)
rElec    .         Harm     .   (no ring)
rCorr    .         Rampage  .   (no ring)
Will     .....                  (no ring)
Stlth    +++.......             (no ring)
HPRegen  0.12/turn              (no ring)
MPRegen  0.12/turn              (no ring)
                                (no ring)
                                (no ring)

@: brilliant, attractive
A: almost no armour, amphibious, 8 rings, camouflage 1, gelatinous body 1,
(nimble swimmer 1), tentacles
a: Renounce Religion


You were on level 5 of the Dungeon.
You worshipped Sif Muna.
Sif Muna was noncommittal.
You visited 2 branches of the dungeon, and saw 7 of its levels.

You collected 167 gold pieces.

Inventory:

Hand Weapons
 d - a +0 dagger of speed (weapon)
Missiles
 j - a throwing net
Wands
 q - a wand of polymorph (8)
Scrolls
 a - 2 scrolls of enchant armour {unknown}
 b - 3 scrolls of teleportation {unknown}
 c - a scroll of blinking {unknown}
 e - a scroll of fog {unknown}
 g - 2 scrolls of silence {unknown}
 i - 3 scrolls of identify {unknown}
 l - a scroll of vulnerability {unknown}
 o - a scroll of enchant weapon {unknown}
Potions
 f - a potion of degeneration
 h - a potion of magic {unknown}
 k - a potion of curing {unknown}
 m - a potion of lignification {unknown}
 r - a potion of flight {unknown}


   Skills:
 + Level 0.0 Fighting
 + Level 2.0 Dodging
 - Level 2.6 Stealth
 + Level 3.7 Spellcasting
 - Level 1.0 Conjurations
 + Level 3.8 Transmutations
 - Level 1.0 Air Magic
 - Level 5.0 Poison Magic
 + Level 0.0 Invocations


You had 4 spell levels left.
You knew the following spells:

 Your Spells              Type           Power      Damage    Failure   Level
a - Sting                 Tmut/Pois      100%       1d8       2%          1
b - Mephitic Cloud        Conj/Pois/Air  15%        N/A       21%         3
e - Olgreb's Toxic Radia  Pois           28%        N/A       22%         4

Your spell library contained the following spells:

 Spells                   Type           Power      Damage    Failure   Level
 Poisonous Vapours        Pois/Air       36%        N/A       8%          2
 Freeze                   Ice            16%        1d4       17%         1
 Frozen Ramparts          Ice            8%         1d2       45%         3
 Inner Flame              Hex/Fire       4%         N/A       45%         3
 Portal Projectile        Hex/Tloc       8%         N/A       45%         3
 Hailstorm                Conj/Ice       6%         3d4       80%         4
 Cause Fear               Hex            2%         N/A       86%         4
 Blade Hands              Tmut           11%        N/A       69%         5
 Excruciating Wounds      Necr           2%         N/A       99%         5
 Discord                  Hex            2%         N/A       100%        8


Dungeon Overview and Level Annotations

Branches:
Dungeon (6/15)             Temple (1/1) D:5

Altars:
Ashenzari
Cheibriados
Dithmenos
Elyvilon
Fedhas
Hepliaklqana
Kikubaaqudgha
Makhleb
Okawaru
Qazlal
Ru
Sif Muna
Trog
Uskayaw
Vehumet
Wu Jian

Annotations:
D:2 exclusion: downstairs


Innate Abilities, Weirdness & Mutations

You cannot wear most types of armour.
You are amphibious.
You can wear up to eight rings at the same time.
Your skin changes colour to match your surroundings (Stealth+).
Your rubbery body absorbs attacks. (AC +1, EV +1)
((You are camouflaged near water. (Stealth+)))
You have tentacles for arms and can constrict up to eight enemies at once.


Message History

Confirm with . or Enter, or press ? or * to list all spells.
Aiming: Sting (safe; 2% risk of failure)
Press: ? - help, Shift-Dir - straight line, f/p - steam dragon
Aim: a steam dragon (lightly wounded, very poisoned, 74% to hit)
The sting hits the steam dragon.
The steam dragon looks even sicker.
The steam dragon is moderately wounded.
A phantom comes into view.
The steam dragon bites you! The steam dragon closely misses you.
Casting: Sting (safe; 2% risk of failure)
Confirm with . or Enter, or press ? or * to list all spells.
Aiming: Sting (safe; 2% risk of failure)
Press: ? - help, Shift-Dir - straight line, f/p - steam dragon
Aim: a steam dragon (moderately wounded, very poisoned, 74% to hit)
The sting hits the steam dragon.
The steam dragon looks as sick as possible!
The steam dragon is heavily wounded.
The steam dragon bites you. The steam dragon claws you.
Unknown command.
Casting: Sting (safe; 2% risk of failure)
Confirm with . or Enter, or press ? or * to list all spells.
Aiming: Sting (safe; 2% risk of failure)
Press: ? - help, Shift-Dir - straight line, f/p - steam dragon
Aim: a steam dragon (heavily wounded, extremely poisoned, 74% to hit)
The sting hits the steam dragon but does no damage.
The steam dragon looks as sick as possible!
The steam dragon is heavily wounded.
The steam dragon bites you!
* * * LOW HITPOINT WARNING * * *
The steam dragon misses you.
It was a potion of brilliance.
You feel clever all of a sudden. The hound barely misses you.
The steam dragon bites you!
* * * LOW HITPOINT WARNING * * *
The steam dragon closely misses you.
Unknown command.
It was a potion of attraction.
You feel attractive to monsters.
The hound bites the phantom but does no damage.
The phantom hits you!
You die...

##.#.##...s....##( .#
.......##h.#.######. #.#
...).#.#....#.........
..#.#. ....#.##.##.###....
........#.. #§##..##.##.
## #.##.#.#.# #.##..##.##.
.. ..^.....# s.##........
#.###.##W#.#.##.####.#.##.
#. ........h@...##..
#...##. #.
##.###.##D#.##.[ #....#.
#[####.###.##.#.# #<...#
#.........†....... #.#..#
#......##....####. #.#..#
#......##.#### #.#..#
#............<
#......####### ####'###


You could see a steam dragon (extremely poisoned), a phantom and a hound
(confused).

Vanquished Creatures
  2 scorpions (D:4)
  An iguana (D:4)
  4 gnolls
  6 adders
  2 adder skeletons (D:4)
  3 dart slugs
  2 orcs
  3 ball pythons
  9 bats
  8 endoplasms
  5 giant cockroaches
  6 goblins
  2 hobgoblins
  4 kobolds
  4 quokkas
  2 frilled lizards
  3 rats
66 creatures vanquished.

Notes
Turn   | Place    | Note
-------+----------+-------------------------------------------
     0 | D:1      | Atelerd the Octopode Venom Mage began the quest for the
                  | Orb.
     0 | D:1      | Reached XP level 1. HP: 11/11 MP: 3/3
   605 | D:1      | Reached XP level 2. HP: 17/17 MP: 5/5
   759 | D:1      | Reached skill level 4 in Poison Magic
  1259 | D:2      | Reached XP level 3. HP: 7/21 MP: 0/6
  1450 | D:1      | Learned a level 3 spell: Mephitic Cloud
  1808 | D:2      | Found a faded altar of an unknown god.
  2244 | D:3      | Found a sacrificial altar of Ru.
  2270 | D:3      | Reached XP level 4. HP: 23/27 MP: 7/7
  2885 | D:3      | Reached skill level 1 in Conjurations
  3196 | D:3      | Reached skill level 1 in Air Magic
  3243 | D:3      | Found a hide-covered altar of Uskayaw.
  3663 | D:3      | Reached XP level 5. HP: 17/31 MP: 1/9
  4073 | D:4      | Reached skill level 5 in Poison Magic
  4508 | D:4      | Learned a level 4 spell: Olgreb's Toxic Radiance
  4659 | D:4      | Reached XP level 6. HP: 9/36 MP: 5/11
  5055 | D:4      | Found a hazy altar of Hepliaklqana.
  5386 | D:5      | Entered Level 5 of the Dungeon
  5510 | D:5      | Noticed a steam dragon
  5906 | D:5      | Found a staircase to the Ecumenical Temple.
  5941 | Temple   | Entered the Ecumenical Temple
  6019 | Temple   | Became a worshipper of Sif Muna the Loreminder
  6169 | D:5      | HP: 1/36 [steam dragon (8)]
  6170 | D:5      | Mangled by a phantom

Illustrated notes

Levels and vault maps discovered:
D:1:      dpeg_arrival_three_smaller_balls, layout_basic
D:2:      layout_rooms, dilly_ecumenical_altar_fadedgnrine, minmay_door_square
D:3:      layout_rooms, mainiacjoe_overflow_cross_hatched,
          nicolae_ru_sacrificial_ziggurat, minmay_cupped
D:4:      layout_basic, nicolae_overflow_crystal_walls
D:5:      layout_basic, general_overflow_altar, minmay_temple_entry_mini_moons,
          corexii_shack, minmay_diced_spiral
D:6:      cheibrodos_quashed, layout_basic, zin_purify, serial_glass,
          glass_columns_c, glass_columns_a, due_unseen_surprise,
          feat_on_display, feat_on_display, minmay_strange_pillars,
          chequers_serial_rivers_micro_b
Temple:   dshaligram_water_room_temple

Skill      XL: |  1  2  3  4  5 |
---------------+----------------+-----
Poison Magic   | 4 5 |  5.0
Transmutations | 2 3 |  3.8
Conjurations   | 1 |  1.0
Air Magic      | 1 |  1.0
Spellcasting   | 3 |  3.7
Dodging        | |  2.0
Stealth        | |  2.6

Action                   |  1- 3 |  4- 6 || total
-------------------------+-------+-------++-------
Melee: Dagger            |    60 |    63 ||   123
       Unarmed           |     7 |       ||     7
       Constrict         |    20 |    16 ||    36
       Tentacles         |    15 |    10 ||    25
 Cast: Sting             |    11 |    45 ||    56
       Mephitic Cloud    |       |     3 ||     3
  Use: Potion            |       |     3 ||     3
 Stab: Sleeping          |    10 |     8 ||    18
       Distracted        |     1 |     1 ||     2
       Confused          |       |     1 ||     1
Armor: Skin              |    10 |     7 ||    17
Dodge: Dodged            |    28 |    55 ||    83
